 Dungeon Crawl Stone Soup version 0.28.0-45-g0d030f2227 (webtiles) character file.

Game seed: 2688478420010106586

4863 psko the Thaumaturge (level 10, 0/46 HPs)
             Began as a Spriggan Conjurer on May 8, 2022.
             Was a High Priest of Dithmenos.
             Slain by a five-headed hydra (13 damage)
             ... on level 1 of the Lair of Beasts.
             The game lasted 01:14:28 (15483 turns).

psko the Thaumaturge (Spriggan Conjurer)           Turns: 15483, Time: 01:14:29

Health: 0/46       AC:  3    Str: 10    XL:     10   Next: 26%
Magic:  22/27      EV: 22    Int: 24    God:    Dithmenos [*****.]
Gold:   541        SH:  0    Dex: 14    Spells: 7/34 levels left

rFire   + . .      SeeInvis +   C - +2 long sword of Psychosis {flame, *Rage rC+ Str+7 SInv}
rCold   + . .      Faith    .   q - orb {mayhem}
rNeg    . . .      Spirit   .   a - +0 robe
rPois   .          Reflect  .   (helmet restricted)
rElec   .          Harm     .   H - +0 cloak
rCorr   .          Rampage  .   (gloves unavailable)
Will    +....      Rage     20% (boots unavailable)
Stlth   ++++......              (no amulet)
HPRegen 0.15/turn               x - +4 ring of evasion
MPRegen 0.20/turn               O - ring of protection from fire

@: wreathed by umbra, very quick
A: very small, no large weapons, unfitting armour, see invisible, speed 3
a: Renounce Religion, Shadow Step, Shadow Form


You were on level 1 of the Lair of Beasts.
You worshipped Dithmenos.
Dithmenos was extremely pleased with you.
You visited 3 branches of the dungeon, and saw 11 of its levels.
You also visited: Ossuary.

You collected 541 gold pieces.

Inventory:

Hand Weapons
 b - a +5 flail of holy wrath
 m - a +0 vampiric hand axe
 C - the +2 long sword of Psychosis (weapon) {flame, *Rage rC+ Str+7 SInv}
   (You found it on level 5 of the Dungeon)

   It burns those it strikes, dealing additional fire damage.
   Big, fiery blades are also staple armaments of hydra-hunters.
   Str:       It affects your strength (+7).
   rC:        It protects you from cold.
   SInv:      It lets you see invisible.
   *Rage:     It berserks you when you make melee attacks (+20% chance).
 G - a +3 quarterstaff of chaos
 N - a +1 dagger of speed
 Q - a +0 short sword of venom
 S - a +3 flail
 T - a +4 falchion
 U - a +1 morningstar
 Y - a +2 falchion
 Z - a +4 morningstar
Missiles
 c - 9 poisoned darts
 u - 6 curare-tipped darts
 A - a throwing net
Armour
 a - a +0 robe (worn)
 l - the +9 plate armour of Hangman {rPois Will+ Regen+}
   (You found it on level 4 of the Dungeon)

   rPois:     It protects you from poison.
   Regen:     It increases your rate of health regeneration.
   Will:      It increases your willpower.
 q - an orb of mayhem (worn)
 H - a +0 cloak (worn)
 K - the -1 pair of gloves of Neriphuw {+Inv Slay+3}
   (You found it on level 6 of the Dungeon)

   Slay:      It affects your accuracy & damage with ranged weapons and melee
   (+3).
   +Inv:      It lets you turn invisible.
Magical Staves
 g - a staff of air
 D - a staff of air
 V - a staff of earth
 W - a staff of cold
Jewellery
 x - a +4 ring of evasion (left hand)
 O - a ring of protection from fire (right hand)
Wands
 r - a wand of iceblast (9)
 y - a wand of paralysis (9)
 E - a wand of polymorph (4)
 J - a wand of acid (8)
 R - a wand of flame (17)
Scrolls
 d - 5 scrolls of teleportation
 e - 2 scrolls of immolation
 h - 3 scrolls of magic mapping
 i - 3 scrolls of fear
 j - a scroll of enchant armour {unknown}
 n - 2 scrolls of blinking {unknown}
 p - 2 scrolls of holy word {unknown}
 I - a scroll of brand weapon {unknown}
 P - 2 scrolls of vulnerability {unknown}
Potions
 f - 2 potions of flight {unknown}
 k - 4 potions of attraction
 o - 3 potions of brilliance
 s - 2 potions of invisibility {unknown}
 t - a potion of berserk rage {unknown}
 v - 2 potions of lignification {unknown}
 w - a potion of might {unknown}
 z - 3 potions of curing {unknown}
 B - 2 potions of resistance
 F - 2 potions of heal wounds {unknown}
 L - 3 potions of mutation {unknown}
 M - a potion of magic {unknown}
 X - a potion of haste {unknown}


   Skills:
 + Level 1.4 Fighting
 + Level 1.4 Long Blades
 + Level 0.2 Maces & Flails
 + Level 4.2 Dodging
 + Level 5.3 Stealth
 + Level 12.6 Spellcasting
 + Level 8.2 Conjurations
 + Level 0.1 Summonings
 + Level 0.1 Transmutations


You had 7 spell levels left.
You knew the following spells:

 Your Spells              Type           Power      Damage    Failure   Level
a - Magic Dart            Conj           100%       1d8       1%          1
b - Searing Ray           Conj           100%       2d8       1%          2
c - Call Imp              Summ           15%        N/A       6%          2
d - Dazzling Flash        Conj/Hex       68%        N/A       2%          3
e - Mephitic Cloud        Conj/Pois/Air  28%        N/A       4%          3
f - Ensorcelled Hibernat  Hex/Ice        30%        N/A       6%          2
g - Passwall              Tmut/Erth      12%        N/A       6%          2
h - Foxfire               Conj/Fire      100%       2x1d9     1%          1
i - Conjure Flame         Conj/Fire      34%        6-21      2%          3
j - Iskenderun's Mystic   Conj/Tloc      34%        2d8       8%          4
k - Flame Wave            Conj/Fire      34%        2d8       8%          4

Your spell library contained the following spells:

 Spells                   Type           Power      Damage    Failure   Level
 Fulminant Prism          Conj/Hex       17%        3d11      8%          4
 Frozen Ramparts          Ice            30%        1d5       12%         3
 Inner Flame              Hex/Fire       15%        N/A       12%         3
 Spider Form              Tmut/Pois      15%        N/A       12%         3
 Swiftness                Air            15%        N/A       12%         3
 Tukima's Dance           Hex            15%        N/A       12%         3
 Lightning Bolt           Conj/Air       17%        1d31      21%         5
 Ice Form                 Ice/Tmut       15%        N/A       36%         4
 Summon Ice Beast         Ice/Summ       15%        N/A       36%         4
 Summon Lightning Spire   Summ/Air       15%        N/A       36%         4
 Airstrike                Air            7%         N/A       38%         4
 Anguish                  Hex/Necr       7%         N/A       38%         4
 Passage of Golubria      Tloc           15%        N/A       38%         4
 Summon Forest            Summ/Tloc      7%         N/A       73%         5
 Yara's Violent Unravell  Hex/Tmut       7%         3d5       73%         5
 Eringya's Noxious Bog    Tmut/Pois      7%         N/A       99%         6
 Summon Hydra             Summ           7%         N/A       100%        7


Dungeon Overview and Level Annotations

Branches:
Dungeon (9/15)             Temple (1/1) D:6            Lair (1/6) D:9
Ossuary (visited)
    Orc: D:9-12

Altars:
Ashenzari
Cheibriados
Dithmenos
Elyvilon
Fedhas
Gozag
Hepliaklqana
Kikubaaqudgha
Makhleb
Nemelex Xobeh
Okawaru
Qazlal
Ru
Sif Muna
Trog
Uskayaw
Vehumet
Wu Jian
Xom
Yredelemnul
Zin
The Shining One

Shops:
D:2 (


Innate Abilities, Weirdness & Mutations

You are very small and have problems with some larger weapons.
You are too small for most types of armour.
You have supernaturally acute eyesight. (SInv)
You cover ground extremely quickly. (Speed+++)


Message History

Unknown command.
The five-headed hydra roars!
There is a staircase back to the Dungeon, spattered with blood here.
Casting: Magic Dart (safe; 1% risk of failure)
Confirm with . or Enter, or press ? or * to list all spells.
Aiming: Magic Dart (safe; 1% risk of failure)
Press: ? - help, Shift-Dir - straight line, f - five-headed hydra
Aim: a five-headed hydra (umbra, 100% to hit)
The magic dart hits the five-headed hydra!
The five-headed hydra is lightly wounded.
Casting: Magic Dart (safe; 1% risk of failure)
Confirm with . or Enter, or press ? or * to list all spells.
Aiming: Magic Dart (safe; 1% risk of failure)
Press: ? - help, Shift-Dir - straight line, f/p - five-headed hydra
Aim: a five-headed hydra (lightly wounded, umbra, 100% to hit)
The magic dart hits the five-headed hydra!
The five-headed hydra is lightly wounded.
Casting: Magic Dart (safe; 1% risk of failure)
Confirm with . or Enter, or press ? or * to list all spells.
Aiming: Searing Ray (safe; 1% risk of failure)
Press: ? - help, Shift-Dir - straight line, f/p - five-headed hydra
Aim: a five-headed hydra (lightly wounded, umbra, 94% to hit)
The searing ray hits the five-headed hydra!
The five-headed hydra is moderately wounded. (Press . to maintain the ray.)
Casting: Searing Ray (safe; 1% risk of failure)
Confirm with . or Enter, or press ? or * to list all spells.
Restarting spell: Searing Ray (safe; 1% risk of failure)
Press: ? - help, Shift-Dir - straight line, f/p - five-headed hydra
Aim: a five-headed hydra (moderately wounded, umbra, 94% to hit)
The searing ray hits the five-headed hydra.
The five-headed hydra is moderately wounded. (Press . to maintain the ray.)
Your shadow mimicks your spell!
The shadow bolt hits the five-headed hydra!!
The five-headed hydra bites you!
* * * LOW HITPOINT WARNING * * *
The five-headed hydra closely misses you.
The five-headed hydra bites you!
You die...

....# ##......##
...####........### .
#..#.^.........##.#
#...≈≈≈........#.#
##..≈≈≈≈..........#
#..≈≈≈≈≈≈≈.......P#
#.≈≈≈≈≈≈≈......#.# ##
##.≈≈≈≈≈..D.......#
#..###..≈≈≈≈≈.@........#
........≈≈≈≈≈≈......(..#
.........≈≈≈≈≈≈.....#.##
.........≈≈≈≈.........#
........≈.≈≈.......##.##
........##≈##......##..#
≈
........#####.#....###.#
≈≈ ......... ###...##
#.## ≈P≈ ......... ##..#
#.P###..♣≈


You could see a five-headed hydra.

Vanquished Creatures
  A two-headed ogre (D:9)
  A cane toad (D:9)
  Prince Ribbit (D:5)
  2 wargs (D:9)
  2 water moccasins
  3 orc warriors
  A necrophage (D:6)
  3 black bears
  An ogre (D:6)
  11 scorpions
  3 bullfrogs
  A wyvern zombie (D:6)
  A water moccasin zombie (D:7)
  A water moccasin skeleton (D:5)
  8 wights
  An electric eel (Lair:1)
  A centaur zombie (D:6)
  2 human zombies (Ossuary)
  A hound (D:4)
  2 jellies
  Crazy Yiuf (D:6)
  An orc priest (D:3)
  A gnoll shaman (D:4)
  4 iguanas
  A centaur skeleton (D:7)
  6 scorpion zombies
  7 orc wizards
  3 mummies (Ossuary)
  A howler monkey zombie (D:8)
  7 adders
  6 gnolls
  A white imp (D:6)
  2 ufetubi (D:4)
  An adder skeleton (D:4)
  2 worms (D:2)
  A dart slug (D:2)
  21 orcs
  7 endoplasms
  2 giant cockroaches
  A gnoll zombie (Ossuary)
  7 hobgoblins
  3 jackals (D:4)
  8 kobolds
  2 quokkas
  10 ball pythons
  3 bats
  4 frilled lizards
  10 goblins
  4 goblin zombies
  4 kobold zombies (Ossuary)
  4 rats
  A rat zombie (D:7)
183 creatures vanquished.

Vanquished Creatures (collateral kills)
  A necrophage (D:5)
  2 wights (D:9)
  A gnoll shaman (D:6)
  A scorpion zombie (Ossuary)
  A hound zombie (D:5)
  3 gnolls
  A kobold zombie (Ossuary)
10 creatures vanquished.

Vanquished Creatures (others)
  A jackal (D:4)
  6 plants
7 creatures vanquished.

Grand Total: 200 creatures vanquished

Notes
Turn   | Place    | Note
-------+----------+-------------------------------------------
     0 | D:1      | psko the Spriggan Conjurer began the quest for the Orb.
     0 | D:1      | Reached XP level 1. HP: 9/9 MP: 5/5
   110 | D:1      | Found a faded altar of an unknown god.
   113 | D:1      | Prayed at the altar of an unknown god.
   113 | D:1      | Became a worshipper of Dithmenos the Shadowed
   113 | D:1      | Reached * piety under Dithmenos
   491 | D:1      | Reached XP level 2. HP: 13/13 MP: 2/6
   496 | D:1      | Learned a level 2 spell: Searing Ray
   939 | D:1      | Reached skill level 3 in Spellcasting
   959 | D:1      | Reached XP level 3. HP: 16/16 MP: 1/8
  1710 | D:2      | Noticed an ogre
  1790 | D:1      | Reached ** piety under Dithmenos
  2824 | D:2      | Found Canlauc's Antique Weapon Shoppe.
  3051 | D:2      | Reached XP level 4. HP: 21/21 MP: 8/10
  3402 | D:3      | Reached skill level 4 in Spellcasting
  3578 | D:3      | Found a shimmering altar of Xom.
  3680 | D:3      | Reached XP level 5. HP: 24/24 MP: 8/12
  3867 | D:3      | Learned a level 2 spell: Call Imp
  4390 | D:4      | Reached skill level 5 in Spellcasting
  4614 | D:4      | Identified the +9 plate armour of Hangman {rPois Will+
                  | Regen+}
  4670 | D:4      | Reached *** piety under Dithmenos
  4732 | D:4      | Noticed an orc warrior
  4949 | D:4      | Reached XP level 6. HP: 28/28 MP: 4/15
  5290 | D:4      | Killed an orc warrior
  5291 | D:4      | Reached skill level 6 in Spellcasting
  5914 | D:5      | Entered Level 5 of the Dungeon
  6674 | D:5      | Noticed Prince Ribbit
  6709 | D:5      | Killed Prince Ribbit
  6710 | D:5      | Reached skill level 7 in Spellcasting
  6710 | D:5      | Reached XP level 7. HP: 32/32 MP: 1/18
  6842 | D:5      | Reached skill level 5 in Conjurations
  7086 | D:5      | Reached skill level 8 in Spellcasting
  7354 | D:5      | Identified the +2 long sword of Psychosis {flame, *Rage rC+
                  | Str+7 SInv}
  7400 | D:5      | Reached XP level 8. HP: 37/37 MP: 16/21
  7712 | D:6      | Found a runed translucent door.
  7713 | D:6      | Noticed Crazy Yiuf
  7726 | D:6      | Killed Crazy Yiuf
  7727 | D:6      | Reached skill level 1 in Fighting
  7812 | D:6      | Found a staircase to the Ecumenical Temple.
  7822 | Temple   | Entered the Ecumenical Temple
  8726 | D:6      | Reached **** piety under Dithmenos
  8727 | D:6      | Reached skill level 9 in Spellcasting
  8866 | D:6      | Identified the -1 pair of gloves of Neriphuw {+Inv Slay+3}
  9591 | D:7      | Found a sand-covered staircase.
  9635 | Ossuary  | Entered an ossuary
  9652 | Ossuary  | Reached skill level 1 in Long Blades
 10007 | Ossuary  | Reached XP level 9. HP: 41/41 MP: 16/23
 10310 | Ossuary  | Reached skill level 10 in Spellcasting
 11310 | D:7      | Reached skill level 5 in Stealth
 11783 | D:8      | Learned a level 3 spell: Dazzling Flash
 11787 | D:8      | Learned a level 3 spell: Mephitic Cloud
 11790 | D:8      | Learned a level 2 spell: Ensorcelled Hibernation
 11793 | D:8      | Learned a level 2 spell: Passwall
 12101 | D:8      | Reached skill level 11 in Spellcasting
 12175 | D:8      | Reached ***** piety under Dithmenos
 12549 | D:8      | Noticed a rakshasa
 12632 | D:8      | Learned a level 1 spell: Foxfire
 12636 | D:8      | Learned a level 3 spell: Conjure Flame
 12641 | D:8      | Learned a level 4 spell: Iskenderun's Mystic Blast
 13960 | D:9      | Learned a level 4 spell: Flame Wave
 14332 | D:9      | HP: 1/41 [orc warrior/+0 flail (8)]
 14622 | D:9      | Noticed a two-headed ogre
 14696 | D:9      | Killed a two-headed ogre
 14697 | D:9      | Reached skill level 12 in Spellcasting
 14697 | D:9      | Reached XP level 10. HP: 46/46 MP: 8/27
 14854 | D:9      | Found a staircase to the Lair.
 14879 | Lair:1   | Entered Level 1 of the Lair of Beasts
 15211 | Lair:1   | Noticed a cane toad
 15249 | D:9      | Killed a cane toad
 15431 | Lair:1   | Noticed a cane toad
 15472 | Lair:1   | Noticed a five-headed hydra
 15483 | Lair:1   | Slain by a five-headed hydra

Illustrated notes

Levels and vault maps discovered:
D:1:      lightli_arrival_lavapool, layout_loops_corners,
          chequers_ecumenical_altar_simple, minmay_misc_feat_pillars,
          minmay_misc_feat_iff
D:2:      layout_basic, serial_shops, shop
D:3:      layout_loops_ring, mainiacjoe_overflow_cross_hatched,
          palyth_stone_intersect
D:4:      layout_rooms, minmay_joined_circles
D:5:      layout_basic, uniq_prince_ribbit1
D:6:      layout_cave_pods, minmay_temple_entry_statues_fountains,
          uniq_crazy_yiuf_cottage
D:7:      layout_gridville, enter_ossuary_4, kennysheep_generic_room_13
D:8:      layout_loops_cross, small_chamber_with_monster, nicolae_two_hexagons
D:9:      layout_loops_corners, erik_lair_orcish_takeover, special_room
          [special_room_kobold], kennysheep_nondescript
Temple:   grunt_wide_crystal_templ
Lair:1:   dpeg_oklob_gauntlet, layout_cave_pods, basic_altar, serial_bayou,
          serial_bayou_lagoon_b, serial_bayou_pond_d, serial_bayou_shore_a,
          serial_bayou_pond_a, infiniplex_staircase_pool, uniq_erica

Skill      XL: |  1  2  3  4  5  6  7  8  9 |
---------------+----------------------------+-----
Conjurations   | 3 4 5 6 8 |  8.2
Spellcasting   | 3 4 5 7 8 9 12 | 12.6
Dodging        | 3 4 |  4.2
Stealth        | 4 5 |  5.3
Fighting       | 1 |  1.4
Long Blades    | 1 |  1.4
Maces & Flails | |  0.2
Summonings     | |  0.1
Transmutations | |  0.1

Action                   |  1- 3 |  4- 6 |  7- 9 | 10-12 || total
-------------------------+-------+-------+-------+-------++-------
Melee: Flail             |       |     6 |       |       ||     6
       Long sword        |       |       |    10 |     4 ||    14
 Cast: Magic Dart        |    78 |   109 |   126 |     5 ||   318
       Searing Ray       |    12 |    48 |   189 |    22 ||   271
       Call Imp          |       |     1 |       |       ||     1
       Passwall          |       |       |     2 |       ||     2
  Use: Scroll            |       |     5 |     7 |       ||    12
Armor: Robe              |       |     5 |     5 |       ||    10
Dodge: Dodged            |     9 |    36 |    65 |     7 ||   117
